cohdb
Replays
Latest Replays
All Replays
Popular Replays
Top Player Replays
Match Explorer
How It Works
Community
CoH3 Stats
Reddit
Sign in to upload your games and track your stats! →
Sign in with Steam
Match 43725525
Unlisted
Match 43725525
Overview
Messages
Build Orders
End
Vickers Machine Gun Team
Selects Air and Sea Battlegroup
Construct Section Command Post
Infantry Section
Infantry Section
Infantry Section
Construct Platoon Command Post
Humber Armored Car
CMP 15cwt Truck
Infantry Section
Infantry Section
6-pounder Anti-tank Gun Team
Ati
KeyOfSpectator
twysty
Papa Shango
Husar
Bombini
0
0
Comments
sign in to comment!
No comments posted yet!